 Dungeon Crawl Stone Soup version 0.22.0-16-gc6d26f6 (webtiles) character file.

230 shmeve the Skirmisher (level 6, -2/58 HPs)
             Began as a Gargoyle Berserker on Aug 18, 2018.
             Was a Believer of Trog.
             Killed from afar by an orc wizard (3 damage)
             ... with a magic dart
             ... on level 3 of the Dungeon.
             The game lasted 00:04:32 (2148 turns).

shmeve the Skirmisher (Gargoyle Berserker)          Turns: 2148, Time: 00:04:33

Health: -2/58      AC: 12    Str: 28    XL:     6   Next: 3%
Magic:  6/6        EV: 10    Int:  7    God:    Trog [**....]
Gold:   113        SH:  0    Dex:  9    Spells: 5/5 levels left

rFire    . . .     SeeInvis .   a - +0 hand axe
rCold    . . .     Gourm    .   (no shield)
rNeg     + . .     Faith    .   d - +0 scale mail
rPois    ∞         Spirit   .   (no helmet)
rElec    +         Reflect  .   r - +0 cloak
rCorr    +         Harm     .   (no gloves)
MR       +....                  (no boots)
Stlth    ..........             (no amulet)
HPRegen  0.19/turn              e - ring of resist corrosion
MPRegen  0.10/turn              o - ring of protection from magic

@: berserking, drained, very quick
A: negative energy resistance 1, electricity resistance, unbreathing,
petrification resistance, rot immunity, AC +4
a: Berserk, Trog's Hand, Renounce Religion


You were on level 3 of the Dungeon.
You worshipped Trog.
Trog was pleased with you.
You were not hungry.

You visited 1 branch of the dungeon, and saw 3 of its levels.

You collected 113 gold pieces.

Inventory:

Hand Weapons
 a - a +0 hand axe (weapon)
Missiles
 b - a throwing net (quivered)
Armour
 d - a +0 scale mail (worn)
 r - a +0 cloak (worn)
Jewellery
 e - a ring of resist corrosion (left hand)
 o - a ring of protection from magic (right hand)
Scrolls
 h - 2 scrolls of remove curse {unknown}
 i - 2 scrolls of immolation {unknown}
 m - a scroll of enchant weapon {unknown}
 n - a scroll of noise {unknown}
 p - a scroll of identify {unknown}
Potions
 f - a potion of brilliance {unknown}
 g - 2 potions of lignification {unknown}
 j - a potion of heal wounds {unknown}
 k - 2 potions of haste {unknown}
 l - a potion of curing {unknown}
 q - a potion of flight {unknown}
 t - a potion of cancellation {unknown}
Comestibles
 c - 8 rations
 s - 4 chunks of flesh


   Skills:
 * Level 4.5(3.6) Fighting
 * Level 3.7(2.8) Axes
 * Level 2.2(1.4) Throwing
 + Level 3.0(2.2) Armour
 + Level 2.3(1.4) Dodging


You had 5 spell levels left.
You didn't know any spells.
Your spell library was empty.

Dungeon Overview and Level Annotations

Branches:
Dungeon (3/15)

Altars:
Gozag
Ru
Trog


Innate Abilities, Weirdness & Mutations

You are resistant to torment.
Your stone body is resilient. (AC +4)
You are immune to poison.
You resist negative energy. (rN+)
You are resistant to electric shocks. (rElec)
You can survive without breathing.
You are immune to petrification.
You are immune to rotting.


Message History

Your base Armour skill increases to level 3!
You have reached level 6!
Your experience leads to an increase in your attributes!
Your base attributes are Str 22, Int 7, Dex 9.
Increase (S)trength, (I)ntelligence, or (D)exterity?
You feel stronger. The orc priest barely misses you.
You closely miss the orc priest.
The orc priest is moderately wounded.
You barely miss the orc wizard. You closely miss the orc wizard.
The orc wizard closely misses you. The orc wizard hits you with a dagger.
* * * LOW HITPOINT WARNING * * *
The orc priest barely misses you.
Unknown command.
You miss the orc wizard. You barely miss the orc wizard.
You slash the orc priest!
The orc wizard hits you but does no damage.
The orc wizard casts a spell at you. The magic dart hits you!
You die...

#. #. #. #. #...# #.
##+# #. .#.# #. #..$#
#.###... #. .....#
#......# #. ......#
##.###.# #.
......o####...##.#######
......o@................
......o####........#.###
......# ##.###.#.#.# #
.....# #.....#.#.# #
#...# #..####.#.### ##+#
#..# #.#.... #...
..##### ##.###### # #


You could see an orc priest and 2 orc wizards.

Vanquished Creatures
  An orc warrior (D:3)
  A crimson imp (D:2)
  Crazy Yiuf (D:2)
  2 adders
  A worm (D:3)
  2 dart slugs
  3 leopard geckos
  2 orcs (D:3)
  A ball python (D:1)
  2 giant cockroaches
  8 goblins
  5 hobgoblins
  4 jackals (D:1)
  A quokka (D:3)
  5 bats
  4 frilled lizards
  A kobold (D:3)
  5 rats
49 creatures vanquished.

Notes
Turn   | Place    | Note
-------+----------+-------------------------------------------
     0 | D:1      | shmeve the Gargoyle Berserker began the quest for the Orb.
     0 | D:1      | Reached XP level 1. HP: 14/14 MP: 1/1
   110 | D:1      | Reached XP level 2. HP: 19/19 MP: 2/2
   320 | D:1      | Reached XP level 3. HP: 24/24 MP: 3/3
   372 | D:1      | Reached skill level 1 in Throwing
   923 | D:2      | Reached skill level 4 in Fighting
   923 | D:2      | Reached XP level 4. HP: 24/29 MP: 4/4
  1024 | D:2      | Found a runed door.
  1255 | D:2      | Found a faded altar of an unknown god.
  1413 | D:2      | Found a bloodstained altar of Trog.
  1423 | D:2      | Found a sacrificial altar of Ru.
  1458 | D:2      | Found an opulent altar of Gozag.
  1583 | D:2      | Noticed Crazy Yiuf
  1590 | D:2      | Killed Crazy Yiuf
  1766 | D:3      | Reached ** piety under Trog
  1805 | D:3      | Reached XP level 5. HP: 33/33 MP: 5/5
  2140 | D:3      | Noticed an orc warrior
  2146 | D:3      | Killed an orc warrior
  2146 | D:3      | Reached XP level 6. HP: 5/39 MP: 6/6
  2147 | D:3      | HP: 1/58 [orc wizard/dagger (4)]
  2148 | D:3      | Killed from afar by an orc wizard

Skill      XL: |  1  2  3  4  5 |
---------------+----------------+-----
Throwing       | 1 2 |  2.2
Axes           | 3 |  3.7
Fighting       | 4 |  4.5
Dodging        | 2 |  2.3
Armour         | 3 |  3.0

Action                   |  1- 3 |  4- 6 || total
-------------------------+-------+-------++-------
Melee: Hand axe          |   146 |    97 ||   243
Throw: Throwing net      |     1 |       ||     1
Invok: Berserk           |       |     1 ||     1
  Eat: Chunk             |       |     5 ||     5
Armor: Scale mail        |   100 |    85 ||   185
Dodge: Dodged            |    97 |    77 ||   174
